 Dungeon Crawl Stone Soup version 0.22-a0-422-g9628fc8 (webtiles) character file.

46 Borgoz the Covered (level 3, -3/23 HPs)
             Began as a Gargoyle Fighter on May 21, 2018.
             Slain by Sigmund
             ... wielding a +0 scythe
              (7 damage)
             ... on level 2 of the Dungeon.
             The game lasted 00:00:58 (851 turns).

Borgoz the Covered (Gargoyle Fighter)                Turns: 851, Time: 00:00:58

Health: -3/23      AC: 11    Str: 24    XL:     3   Next: 68%
Magic:  3/3        EV:  8    Int:  8    God:
Gold:   58         SH:  0    Dex: 10    Spells: 2/2 levels left

rFire    . . .     SeeInvis .   a - +0 flail
rCold    . . .     Gourm    .   c - +0 shield
rNeg     + . .     Faith    .   b - +0 scale mail
rPois    ∞         Spirit   .   (no helmet)
rElec    +         Reflect  .   (no cloak)
rCorr    .         Harm     .   g - +0 pair of gloves {archery}
MR       .....                  (no boots)
Stlth    ..........             (no amulet)
HPRegen  0.07/turn              (no ring)
MPRegen  0.08/turn              (no ring)

@: confused, mighty
A: negative energy resistance 1, electricity resistance, unbreathing,
petrification resistance, rot immunity, AC +3
a: no special abilities


You were on level 2 of the Dungeon.
You were not hungry.

You visited 1 branch of the dungeon, and saw 2 of its levels.

You collected 58 gold pieces.

Inventory:

Hand Weapons
 a - a +0 flail (weapon)
Armour
 b - a +0 scale mail (worn)
 c - a +0 shield (worn)
 g - a +0 pair of gloves of archery (worn)
Scrolls
 e - 4 scrolls of identify {unknown}
 h - a scroll of magic mapping {unknown}
Potions
 i - a potion of flight {unknown}
 j - a potion of brilliance {unknown}
Comestibles
 f - 6 rations
 k - 5 chunks of flesh


   Skills:
 + Level 3.6 Fighting
 + Level 2.3 Maces & Flails
 + Level 3.7 Armour
 * Level 1.3 Dodging
 + Level 3.5 Shields


You had 2 spell levels left.
You didn't know any spells.
Your spell library was empty.

Dungeon Overview and Level Annotations

Branches:
Dungeon (2/15)

Altars:

Annotations:
D:2 Sigmund


Innate Abilities, Weirdness & Mutations

You are resistant to torment.
Your stone body is resilient. (AC +3)
You are immune to poison.
You resist negative energy. (rN+)
You are resistant to electric shocks. (rElec)
You can survive without breathing.
You are immune to petrification.
You are immune to rotting.


Message History

You miss something. You block something's attack.
You closely miss something. You miss something.
Something hits you but does no damage.
You miss something. Something hits you.
You bludgeon something!!
You hear some strange, mumbled words.
Something tries to affect you, but you resist.
You hear some strange, mumbled words.
Something tries to affect you, but you resist.
You closely miss something.
You hear some strange, mumbled words.
You are confused.
Something hits you!
* * * LOW HITPOINT WARNING * * *
Found a metallic pink potion.
Something hits you but does no damage.
You bump into the rock wall.
You bump into the rock wall.
Something hits you but does no damage.
You're too confused to move!
Something hits you!
You die...

#####+## #####.....!.
#...........
#........... #.# #
#...........######'###
#.....###+##........##
#...{@.....#........##
####+####..# ......##
#..# ....##
.####..#######'###
.<...............(.
...................
#.#.#...#######.### #
#.#...# ###'### #
#...# #.....#


There were no monsters in sight!

Vanquished Creatures
  Jessica (D:2)
  An adder (D:2)
  A leopard gecko (D:2)
  2 goblins (D:1)
  2 hobgoblins
  4 kobolds
11 creatures vanquished.

Notes
Turn   | Place    | Note
-------+----------+-------------------------------------------
     0 | D:1      | Borgoz the Gargoyle Fighter began the quest for the Orb.
     0 | D:1      | Reached XP level 1. HP: 14/14 MP: 1/1
   489 | D:1      | Reached XP level 2. HP: 19/19 MP: 2/2
   605 | D:2      | Noticed Jessica
   622 | D:2      | Killed Jessica
   622 | D:2      | Reached skill level 1 in Dodging
   622 | D:2      | Reached XP level 3. HP: 12/23 MP: 3/3
   828 | D:2      | Noticed Sigmund
   851 | D:2      | Slain by Sigmund

Vault maps used:
D:1:      lemuel_arrival_funnel
D:2:      first_ration, uniq_sigmund, uniq_jessica, uniq_natasha

Skill      XL: |  1  2 |
---------------+-------+-----
Dodging        | 1 |  1.3
Fighting       | |  3.6
Maces & Flails | |  2.3
Armour         | |  3.7
Shields        | |  3.5

Action                   || total
-------------------------++-------
Melee: Flail             ||    51
  Use: Potion            ||     1
Armor: Scale mail        ||    18
Dodge: Dodged            ||    13
Block: Shield            ||    23

Table legend:
 A = Spawn XP
 B = Non-spawn XP
 C = Spawn XP percentage of total XP
 D = Spawn monster count
 E = Non-spawn monster count
 F = Spawn count percentage of total count
 G = Total turns spent on level
                    A         B        C        D         E        F      G
               +---------+---------+-------+---------+---------+-------+---------
         Total |       0 |      67 |   0.0 |       0 |      11 |   0.0 |   851
               +---------+---------+-------+---------+---------+-------+---------
           D:1 |       0 |      10 |   0.0 |       0 |       6 |   0.0 |   569
           D:2 |       0 |      57 |   0.0 |       0 |       5 |   0.0 |   282
               +---------+---------+-------+---------+---------+-------+---------
